 Dungeon Crawl Stone Soup version 0.25-a0-589-g1e14c549ee (webtiles) character file.

Game seed: 6945639955664036727, levelgen mode: deterministic

1681 Kohma the Carver (level 8, -2/60 HPs)
             Began as a Demonspawn Gladiator on Mar 10, 2020.
             Was an Initiate of Qazlal.
             Slain by an orc warrior
             ... wielding a +0 scimitar
              (11 damage)
             ... on level 7 of the Dungeon.
             The game lasted 00:14:20 (7469 turns).

Kohma the Carver (Demonspawn Gladiator)             Turns: 7469, Time: 00:14:21

Health: -2/60      AC:  8    Str: 16    XL:     8   Next: 71%
Magic:  8/8        EV: 13    Int: 11    God:    Qazlal [......]
Gold:   232        SH:  4    Dex: 14    Spells: 7/7 levels left

rFire    + . .     SeeInvis .   s - +4 dagger (venom)
rCold    . . .     Gourm    .   (no shield)
rNeg     . . .     Faith    .   e - +3 ring mail {rF+}
rPois    .         Spirit   .   (helmet restricted)
rElec    .         Reflect  .   k - scarf {repulsion}
rCorr    .         Harm     .   (no gloves)
MR       .....                  (no boots)
Stlth    +.........             (no amulet)
HPRegen  0.20/turn              (no ring)
MPRegen  0.11/turn              (no ring)

@: repel missiles
A: horns 1, large bone plates 1, powered by death 1
a: Renounce Religion


You were on level 7 of the Dungeon.
You worshipped Qazlal.
Qazlal was noncommittal.
You were near starving.

You visited 2 branches of the dungeon, and saw 8 of its levels.

You collected 232 gold pieces.

Inventory:

Hand Weapons
 a - a +0 long sword
 i - a +2 vorpal hunting sling
 s - a +4 dagger of venom (weapon)
 z - a cursed -1 dagger
Missiles
 d - 3 throwing nets (quivered)
 h - 25 poisoned darts
Armour
 e - a +3 ring mail of fire resistance (worn)
 k - a scarf of repulsion (worn)
Jewellery
 B - an uncursed ring of magical power {unknown}
Wands
 u - a wand of polymorph (9)
 v - a wand of random effects (25)
Scrolls
 c - a scroll of blinking {unknown}
 g - a scroll of magic mapping {unknown}
 l - 7 scrolls of identify
 o - 2 scrolls of random uselessness {unknown}
 p - 3 scrolls of remove curse
 q - a scroll of immolation {unknown}
 w - a scroll of fog {unknown}
 y - a scroll of enchant weapon {unknown}
Potions
 j - a potion of haste
 m - 3 potions of brilliance
 n - a potion of curing
 r - a potion of mutation {unknown}
 t - a potion of resistance {unknown}
 x - a potion of lignification {unknown}
 A - a potion of flight {unknown}
 C - a potion of stabbing {unknown}
Comestibles
 b - a chunk of flesh
 f - 7 rations


   Skills:
 + Level 3.9 Fighting
 + Level 8.6 Long Blades
 - Level 1.7 Throwing
 - Level 4.1 Armour
 - Level 4.0 Dodging


You had 7 spell levels left.
You didn't know any spells.
Your spell library was empty.

Dungeon Overview and Level Annotations

Branches:
Dungeon (7/15)             Temple (1/1) D:4

Altars:
Ashenzari
Dithmenos
Fedhas
Gozag
Hepliaklqana
Makhleb
Nemelex Xobeh
Okawaru
Qazlal
Ru
Sif Muna
Trog
Uskayaw
Vehumet
Wu Jian
Xom
Yredelemnul
Zin
The Shining One


Innate Abilities, Weirdness & Mutations

You have a pair of small horns on your head.
You are partially covered in large bone plates. (SH +4)
You regenerate a little health from kills.


Message History

The orc warrior hits you with a +0 scimitar!
You closely miss the orc warrior. Your headbutt misses the orc warrior.
You hit the orc warrior. Your headbutt misses the orc warrior.
The orc warrior is lightly wounded.
The orc warrior hits you with a +0 scimitar!
You completely miss the orc warrior. Your headbutt misses the orc warrior.
The orc warrior is lightly wounded.
The orc warrior hits you with a +0 scimitar!
You closely miss the orc warrior.
The orc warrior is lightly wounded.
You hit the orc warrior.
The orc warrior is poisoned.
The orc warrior is lightly wounded.
An orc comes into view. It is wielding a +0 dagger.
The orc warrior hits you with a +0 scimitar!
* * * LOW HITPOINT WARNING * * *
You barely miss the orc warrior.
The orc warrior is lightly wounded.
The orc shouts!
The orc warrior hits you with a +0 scimitar!
You die...

. ## .###/ #
.###o(. ..
...... ... #....
## .... #...#
..#
>....#..o##.###
........@#....##
######<.รท.....#
#....##.##
#......#
#.......#
#.......#
#.......##
.........#
.........#


You could see an orc warrior and an orc.

Vanquished Creatures
  Menkaure (D:4)
  2 water moccasins (D:6)
  An ice beast (D:5)
  3 sky beasts
  2 ogres
  A bullfrog (D:5)
  3 scorpions
  2 crimson imps
  2 centaur skeletons (D:6)
  A jelly (D:6)
  4 orc wizards
  An orc priest (D:6)
  A worker ant (D:4)
  2 iguanas
  A hound zombie (D:6)
  A hound skeleton (D:5)
  7 gnolls
  6 adders
  An ooze (D:2)
  An adder skeleton (D:5)
  2 worms
  A dart slug (D:2)
  6 leopard geckos
  12 orcs
  8 bats
  5 giant cockroaches
  8 hobgoblins
  15 jackals
  2 quokkas
  2 ball pythons
  4 frilled lizards
  7 goblins
  8 kobolds
  A quokka zombie (D:7)
  5 rats
129 creatures vanquished.

Notes
Turn   | Place    | Note
-------+----------+-------------------------------------------
     0 | D:1      | Kohma the Demonspawn Gladiator began the quest for the Orb.
     0 | D:1      | Reached XP level 1. HP: 16/16 MP: 1/1
   260 | D:1      | Reached skill level 3 in Long Blades
   263 | D:1      | Gained mutation: You have a pair of small horns on your
                  | head. [demonic ancestry]
   263 | D:1      | Reached XP level 2. HP: 19/22 MP: 2/2
   425 | D:1      | Reached XP level 3. HP: 20/27 MP: 3/3
   793 | D:2      | Found a radiant altar of Vehumet.
  1539 | D:2      | Gained mutation: You are partially covered in large bone
                  | plates. (SH +4) [demonic ancestry]
  1539 | D:2      | Reached XP level 4. HP: 31/33 MP: 4/4
  1634 | D:2      | You fall into a shaft and drop 1 floor!
  2167 | D:2      | Reached skill level 4 in Long Blades
  2656 | D:3      | Found a hide-covered altar of Uskayaw.
  2748 | D:3      | Found a bloodstained altar of Trog.
  2767 | D:3      | Reached XP level 5. HP: 38/38 MP: 5/5
  2871 | D:3      | You fall into a shaft and drop 3 floors!
  2909 | D:6      | Noticed a water moccasin
  2924 | D:6      | Killed a water moccasin
  2924 | D:6      | Reached skill level 5 in Long Blades
  2924 | D:6      | Reached XP level 6. HP: 15/44 MP: 6/6
  3305 | D:6      | Found a shimmering altar of Xom.
  3353 | D:6      | Reached skill level 6 in Long Blades
  3959 | D:6      | Gained mutation: You regenerate a little health from kills.
                  | [demonic ancestry]
  3959 | D:6      | Reached XP level 7. HP: 48/50 MP: 7/7
  4062 | D:6      | Reached skill level 1 in Armour
  4085 | D:5      | Entered Level 5 of the Dungeon
  4252 | D:5      | Reached skill level 7 in Long Blades
  4556 | D:5      | Found a stormy altar of Qazlal.
  4557 | D:5      | Found a basalt altar of Yredelemnul.
  4558 | D:5      | Found a blossoming altar of Fedhas.
  4564 | D:5      | Became a worshipper of Qazlal Stormbringer
  4626 | D:5      | Found a hazy altar of Hepliaklqana.
  4632 | D:5      | Reached XP level 8. HP: 45/56 MP: 8/8
  5565 | D:4      | Noticed Menkaure
  5574 | D:4      | Killed Menkaure
  5574 | D:4      | Reached skill level 8 in Long Blades
  6098 | D:4      | Got a brightly glowing ring mail
  6109 | D:4      | Identified the cursed +0 ring mail of Prudence {-Tele rC+
                  | Dex+4 Stlth+} (You found it on level 4 of the Dungeon)
  6192 | D:4      | Found a staircase to the Ecumenical Temple.
  6198 | Temple   | Entered the Ecumenical Temple
  7159 | D:6      | Found an iron altar of Okawaru.
  7469 | D:7      | Slain by an orc warrior

Levels and vault maps discovered:
D:1:      dpeg_arrival_boxorama, layout_rooms, corexii_leaking_fountain
D:2:      layout_loops_corners, vehumet_crystals
D:3:      layout_rooms, old_standard_altar, eat_drink_and_be_merry_uskayaw,
          elyvilon_altar_3
D:4:      layout_layer_cave, minmay_temple_entry_hall, first_ration,
          minmay_fractal_squares_gapless_5, uniq_menkaure
D:5:      layout_layer_cave, gammafunk_temple_overflow_claw,
          kennysheep_little_box
D:6:      layout_basic, lemuel_coloured_pillars_altar, kennysheep_mini,
          nicolae_underground_beach
D:7:      layout_cave_pools, lemuel_crystal_altar, serial_shops, shop,
          basic_altar, eino_tiny_chamber, grunt_livestock
Temple:   jpeg_temple_alley_garden

Skill      XL: |  1  2  3  4  5  6  7  8 |
---------------+-------------------------+-----
Long Blades    | 3 4 5 6 7 8 |  8.6
Dodging        | 3 4 |  4.0
Armour         | 3 4 |  4.1
Fighting       | 3 |  3.9
Throwing       | |  1.7

Action                   |  1- 3 |  4- 6 |  7- 9 || total
-------------------------+-------+-------+-------++-------
Melee: Long sword        |    99 |   159 |       ||   258
       Headbutt          |    15 |    40 |    36 ||    91
       Dagger            |       |     3 |   201 ||   204
  Use: Potion            |     1 |     1 |       ||     2
       Scroll            |       |       |     3 ||     3
  Eat: Chunk             |     2 |     6 |     8 ||    16
       Ration            |       |     1 |       ||     1
Armor: Ring mail         |    50 |    46 |    36 ||   132
       Leather armour    |     3 |       |       ||     3
Dodge: Dodged            |    92 |    90 |    73 ||   255
       Deflected         |       |     1 |       ||     1
Block: Other             |       |    22 |    25 ||    47
       Rpst.: Long sword |    34 |    25 |       ||    59

Table legend:
 A = Non-vault XP
 B = Vault XP
 C = Vault XP percentage of total XP
 D = Non-vault monster count
 E = Vault monster count
 F = Vault count percentage of total count
                 A         B        C        D         E       F
            +---------+---------+-------+---------+---------+-------
      Total |    2237 |     165 |   6.9 |     128 |       1 |   0.8
            +---------+---------+-------+---------+---------+-------
        D:1 |      49 |       0 |   0.0 |      28 |       0 |   0.0
        D:2 |     113 |       0 |   0.0 |      32 |       0 |   0.0
        D:3 |      81 |       0 |   0.0 |      12 |       0 |   0.0
        D:4 |     476 |     165 |  25.7 |      20 |       1 |   4.8
        D:5 |     641 |       0 |   0.0 |      10 |       0 |   0.0
        D:6 |     874 |       0 |   0.0 |      24 |       0 |   0.0
        D:7 |       3 |       0 |   0.0 |       2 |       0 |   0.0
            +---------+---------+-------+---------+---------+-------
